 Dungeon Crawl Stone Soup version 0.20.1-1-g8b1a95d (webtiles) character file.

187 Mesmaeker13 the Stinger (level 5, -2/28 HPs)
             Began as a Gargoyle Venom Mage on Oct 23, 2017.
             Was an Initiate of Sif Muna.
             Slain by an orc priest
             ... wielding a +0 flail
              (6 damage)
             ... on level 3 of the Dungeon.
             The game lasted 00:07:39 (3673 turns).

Mesmaeker13 the Stinger (Gargoyle Venom Mage)       Turns: 3673, Time: 00:07:39

Health: -2/28      AC:  6    Str: 12    XL:     5   Next: 66%
Magic:  3/8        EV: 12    Int: 16    God:    Sif Muna [......]
Gold:   109        SH:  0    Dex:  8    Spells: 7/10 levels left

rFire    . . .     SeeInvis .   e - +0 mace
rCold    . . .     Gourm    +   (no shield)
rNeg     + . .     Faith    .   a - +0 robe
rPois    ∞         Spirit   .   (no helmet)
rElec    +         Reflect  .   (no cloak)
rCorr    .         Harm     .   (no gloves)
MR       .....                  (no boots)
Stlth    ++........             g - amulet of the gourmand
Regen    0.1/turn               (no ring)
MPRegen  0.2/turn               (no ring)

@: no status effects
A: clumsy 1, low mp 1, negative energy resistance 1, electricity resistance,
unbreathing, petrification resistance, rot immunity, AC +4
a: Renounce Religion


You were on level 3 of the Dungeon.
You worshipped Sif Muna.
Sif Muna was noncommittal.
You were very full.

You visited 1 branch of the dungeon, and saw 4 of its levels.

You collected 109 gold pieces.

Inventory:

Hand Weapons
 e - a +0 mace (weapon)
Armour
 a - a +0 robe (worn)
Jewellery
 g - an amulet of the gourmand (around neck)
 m - an uncursed amulet of rage
Scrolls
 l - 4 scrolls of immolation
 n - a scroll of amnesia {unknown}
 q - a scroll of fog
 r - a scroll of teleportation {unknown}
 t - a scroll of enchant armour {unknown}
Potions
 d - a potion of mutation
 h - a potion of degeneration {unknown}
 k - a potion of resistance {unknown}
 p - 2 potions of haste
Books
 b - a Young Poisoner's Handbook

   Spells                             Type                      Level
   a - Sting                          Conjuration/Poison           1
   b - Poisonous Vapours              Poison/Air                   2
   c - Mephitic Cloud                 Conjuration/Poison/Air       3
   d - Olgreb's Toxic Radiance        Poison                       4
   e - Venom Bolt                     Conjuration/Poison           5
Comestibles
 c - 3 bread rations
 f - 2 royal jellies
 j - a meat ration
 o - a fruit
 s - a chunk of flesh


   Skills:
 + Level 1.2 Armour
 - Level 1.5 Dodging
 - Level 2.1 Stealth
 - Level 3.1 Spellcasting
 + Level 3.2 Conjurations
 + Level 1.0 Air Magic
 + Level 4.1 Poison Magic


You had 7 spell levels left.
You knew the following spells:

 Your Spells              Type           Power        Failure   Level  Hunger
a - Sting                 Conj/Pois      ##..         4%          1    None
b - Poisonous Vapours     Pois/Air       ##....       10%         2    ##.....


Dungeon Overview and Level Annotations

Branches:
Dungeon (4/15)
 Temple: D:4-7

Altars:
Nemelex Xobeh
Okawaru
Sif Muna

Annotations:
D:3 Grinder


Innate Abilities, Weirdness & Mutations

You are resistant to torment.
Your stone body is resilient. (AC +4)
You are immune to poison.
You resist negative energy. (rN+)
You are resistant to electric shocks. (rElec)
You can survive without breathing.
You are immune to petrification.
You are immune to rotting.
You are clumsy. (Dex -2)
Your magical capacity is low. (-10% MP)


Message History

The orc priest is moderately wounded.
The orc priest mumbles some strange prayers to Beogh against you.
Beogh smites you!
Ouch! That really hurt!
The orc barely misses you.
The orc priest calls down the wrath of Beogh upon you.
Beogh smites you!
* * * LOW HITPOINT WARNING * * *
Unknown command.
You feel better. The orc misses you.
The orc priest invokes the aid of Beogh against you.
Pain shoots through your body!
* * * LOW HITPOINT WARNING * * *
Unknown command.
It was a potion of mutation.
You feel extremely strange.
You feel less energetic.
You feel frail.
You feel clumsy.
You feel robust.
You kill the orc!
Sif Muna accepts your kill. The orc priest hits you with a flail.
You die...

#.# #.# #.# #.#
#.##########.#
#.#..........#
#######.#.##########
..........############
#######.#.....)......#
#######(#...########.#
...............Z@# #.#
........#....#+#o# #.#
#########..).....# #.#
.................# #.#
#########........###.#
.....................#
.####..[.............#
)# #.....###..#.....#
.# #....## ##.#.....#


You could see an orc priest and a centaur skeleton.

Vanquished Creatures
  An orc wizard (D:3)
  Natasha (twice) (D:2)
  A gnoll (D:1)
  3 adders
  An ooze (D:1)
  2 leopard geckos (D:1)
  5 orcs (D:3)
  2 bats (D:3)
  4 giant cockroaches
  10 hobgoblins
  5 jackals
  7 frilled lizards
  7 goblins
  7 kobolds (D:1)
  5 rats
62 creatures vanquished.

Notes
Turn   | Place    | Note
-------+----------+-------------------------------------------
     0 | D:1      | Mesmaeker13 the Gargoyle Venom Mage began the quest for the Orb.
     0 | D:1      | Reached XP level 1. HP: 10/10 MP: 3/3
   322 | D:1      | Reached XP level 2. HP: 15/15 MP: 0/5
   798 | D:1      | Learned a level 2 spell: Poisonous Vapours
  1021 | D:1      | Reached XP level 3. HP: 18/19 MP: 3/6
  1182 | D:1      | Found a sparkling altar of Nemelex Xobeh.
  1476 | D:2      | Found an iron altar of Okawaru.
  1564 | D:2      | Found a deep blue altar of Sif Muna.
  1574 | D:2      | Became a worshipper of Sif Muna the Loreminder
  1848 | D:2      | Noticed Natasha
  1858 | D:2      | Killed Natasha
  1858 | D:2      | Reached XP level 4. HP: 14/24 MP: 5/8
  2338 | D:2      | Noticed Natasha
  2357 | D:2      | Killed Natasha
  2357 | D:2      | Reached skill level 4 in Poison Magic
  2357 | D:2      | Reached XP level 5. HP: 13/28 MP: 2/9
  3434 | D:3      | Noticed Grinder
  3553 | D:3      | Reached skill level 1 in Armour
  3669 | D:3      | Reached skill level 1 in Air Magic
  3673 | D:3      | Gained mutation: Your magical capacity is low. (-10% MP) [potion of mutation]
  3673 | D:3      | Gained mutation: You are frail. (-10% HP) [potion of mutation]
  3673 | D:3      | Gained mutation: You are clumsy. (Dex -2) [potion of mutation]
  3673 | D:3      | Lost mutation: You are frail. (-10% HP) [potion of mutation]
  3673 | D:3      | Slain by an orc priest

Skill      XL: |  1  2  3  4  5 |
---------------+----------------+-----
Conjurations   | 2 3 |  3.2
Spellcasting   | 3 |  3.1
Poison Magic   | 4 |  4.1
Armour         | 1 |  1.2
Air Magic      | 1 |  1.0
Dodging        | |  1.5
Stealth        | |  2.1

Action                   |  1- 3 |  4- 6 || total
-------------------------+-------+-------++-------
Melee: Mace              |    48 |    31 ||    79
 Cast: Sting             |    71 |    32 ||   103
       Poisonous Vapours |     1 |    14 ||    15
  Use: Scroll            |     3 |     3 ||     6
       Potion            |       |     3 ||     3
  Eat: Chunk             |     8 |    10 ||    18
Armor: Robe              |    20 |    19 ||    39
Dodge: Dodged            |    53 |    52 ||   105
